 Dungeon Crawl Stone Soup version 0.25-a0-404-gc1b5a34 (webtiles) character file.

Game seed: 1382584290652977922, levelgen mode: deterministic

16677 relicbr the Fighter (level 12, -13/79 HPs)
             Began as a Deep Elf Earth Elementalist on Jan 12, 2020.
             Was a Believer of Vehumet.
             Hit by a javelin thrown by Urug (21 damage)
             ... on level 13 of the Dungeon.
             The game lasted 00:33:01 (11544 turns).

relicbr the Fighter (Deep Elf Earth Elementalist)  Turns: 11544, Time: 00:33:01

Health: -13/79     AC:  9    Str:  9    XL:     12   Next: 12%
Magic:  23/35      EV: 15    Int: 25    God:    Vehumet [**....]
Gold:   373        SH: 13    Dex: 19    Spells: 13/27 levels left

rFire    . . .     SeeInvis .   M - +2 flail of Change {drain, rPois Dex+4}
rCold    . . .     Gourm    .   A - +2 buckler
rNeg     . . .     Faith    .   T - +2 robe {MR+}
rPois    +         Spirit   .   S - +0 helmet
rElec    .         Reflect  +   R - +2 cloak {+Inv}
rCorr    .         Harm     .   v - +0 pair of gloves
MR       ++...                  (no boots)
Stlth    ++........             m - +5 amulet of reflection
HPRegen  0.23/turn              Y - +3 ring of strength
MPRegen  0.24/turn              l - ring of magical power

@: studying Bows
A: no striking features
a: Renounce Religion, Evoke Invisibility


You were on level 13 of the Dungeon.
You worshipped Vehumet.
Vehumet was pleased with you.
You were not hungry.

You visited 2 branches of the dungeon, and saw 14 of its levels.
You also visited: Ossuary.

You collected 632 gold pieces.
You spent 259 gold pieces at shops.

Inventory:

Hand Weapons
 M - the +2 flail of Change (weapon) {drain, rPois Dex+4}
   (You found it on level 14 of the Dungeon)

   A truly terrible weapon, it drains the life of those it strikes.
   It affects your dexterity (+4).
   It protects you from poison.
 Q - the +3 mace of Defilement {crush, rPois MR+ Dex-2}
   (You found it on level 6 of the Dungeon)

   It inflicts extra damage upon your enemies.
   It affects your dexterity (-2).
   It protects you from poison.
   It affects your resistance to hostile enchantments.
Missiles
 b - 102 stones
 y - 6 curare-tipped darts (quivered)
Armour
 j - +0 swamp dragon scales
 v - a +0 pair of gloves (worn)
 A - a +2 buckler (worn)
 R - a +2 cloak of invisibility (worn)
 S - a +0 helmet (worn)
 T - a +2 robe of magic resistance (worn)
Jewellery
 c - an uncursed ring of protection from cold
 k - a +2 amulet of reflection
 l - a ring of magical power (right hand)
 m - a +5 amulet of reflection (around neck)
 L - an uncursed ring of wizardry
 N - an uncursed ring of poison resistance
 O - an uncursed ring of positive energy
 Y - a +3 ring of strength (left hand)
Wands
 p - a wand of digging (12)
 s - a wand of polymorph (13)
 u - a wand of paralysis (6)
 z - a wand of iceblast (13)
 D - a wand of scattershot (5)
 I - a wand of random effects (27)
 W - a wand of acid (5)
Scrolls
 e - 7 scrolls of remove curse
 f - 4 scrolls of teleportation
 g - 2 scrolls of fear
 q - 7 scrolls of amnesia
 B - a scroll of magic mapping
 C - a scroll of enchant armour
 F - a scroll of holy word
 G - 3 scrolls of blinking
 H - a scroll of torment {unknown}
 J - a scroll of enchant weapon
 K - a scroll of vulnerability
 U - a scroll of immolation
Potions
 a - 3 potions of heal wounds
 h - 2 potions of might
 i - 2 potions of flight
 n - 2 potions of agility
 r - 6 potions of mutation
 t - 3 potions of brilliance
 w - a potion of invisibility
 x - a potion of berserk rage
 E - 3 potions of curing
 P - a potion of magic
 V - 2 potions of cancellation {unknown}
Books
 o - a manual of Bows
Comestibles
 d - 35 rations
 X - 7 chunks of flesh


   Skills:
 - Level 10.6 Fighting
 * Level 4.6 Dodging
 - Level 2.4 Stealth
 - Level 4.0 Shields
 - Level 8.0 Spellcasting
 - Level 10.5 Conjurations
   Level 1.1 Transmutations
 - Level 10.2 Earth Magic


You had 13 spell levels left.
You knew the following spells:

 Your Spells              Type           Power        Failure   Level  Hunger
a - Sandblast             Erth           ######       1%          1    None
b - Stone Arrow           Conj/Erth      ######       1%          3    None
c - Lee's Rapid Deconstr  Erth           ######....   2%          5    ####...
d - Fireball              Conj/Fire      #####.....   19%         5    ####...

Your spell library contained the following spells:

 Spells                   Type           Power        Failure   Level  Hunger
 Searing Ray              Conj           ######       1%          2    None
 Shock                    Conj/Air       ####         1%          1    None
 Passwall                 Tmut/Erth      #####...     1%          2    None
 Static Discharge         Conj/Air       #####...     1%          3    None
 Sting                    Tmut/Pois      ##..         4%          1    None
 Freeze                   Ice            ##..         6%          1    None
 Petrify                  Tmut/Erth      #####...     6%          4    ##.....
 Hailstorm                Conj/Ice       #####...     7%          4    ##.....
 Ozocubu's Armour         Chrm/Ice       ##......     19%         3    None
 Ice Form                 Ice/Tmut       ##......     43%         4    ##.....
 Summon Ice Beast         Ice/Summ       ##......     52%         4    ##.....


Dungeon Overview and Level Annotations

Branches:
Dungeon (14/15)            Temple (1/1) D:6             Orc (0/2) D:10
 Vaults (0/5) D:14        Ossuary (visited)
   Lair: D:8-11

Altars:
Ashenzari
Cheibriados
Dithmenos
Elyvilon
Kikubaaqudgha
Makhleb
Okawaru
Ru
Sif Muna
Vehumet
Wu Jian
Xom
Yredelemnul

Shops:
D:8 [?

Annotations:
D:4 2 transporters
D:13 Urug


Message History

The stone arrow misses Urug.
Urug throws a javelin.
The javelin pierces through you!!
Casting: Stone Arrow (safe; 1% risk of failure)
Confirm with . or Enter, or press ? or * to list all spells.
Aiming: Stone Arrow (safe; 1% risk of failure)
Press: ? - help, Shift-Dir - straight line, f/p - Urug
Aim: Urug, wielding a +6 scimitar of holy wrath, wearing a +2 scale mail of poison resistance and quivering 3 javelins (moderately wounded)
The stone arrow hits Urug!
Urug is heavily wounded.
Urug throws a javelin.
The javelin pierces through you!!
* * * LOW HITPOINT WARNING * * *
Casting: Stone Arrow (safe; 1% risk of failure)
Confirm with . or Enter, or press ? or * to list all spells.
Aiming: Stone Arrow (safe; 1% risk of failure)
Press: ? - help, Shift-Dir - straight line, f/p - Urug
Aim: Urug, wielding a +6 scimitar of holy wrath, wearing a +2 scale mail of poison resistance and quivering 2 javelins (heavily wounded)
The stone arrow hits Urug!
Urug is heavily wounded.
Urug throws a javelin.
The javelin pierces through you!!
You die...

### ...# ##.....#. ...
... ##..$....##
##.##.#
#.........####..[#.###
+.?..o....+...........
#.........# ##...#.###
#.......# #.......##
#....$# #.##.....#
#.@.# ##.###.# ##'##
#..# #.# #.# #
#..###.# #(#
#.#......# ##.##
#.#.###.## ##..<##
#.......# #.....#
###.#####
##...########.#
...###.###.......#


You could see Urug.

Vanquished Creatures
  A hydra (D:14)
  2 centaur warriors (D:14)
  2 two-headed ogres
  Pikel (D:4)
  A wolf spider (shapeshifter) (D:14)
  2 manticores
  A cyclops (D:14)
  Joseph (D:8)
  Maurice (D:8)
  A black mamba (shapeshifter) (D:14)
  Maggie (D:8)
  A kobold demonologist (D:14)
  A komodo dragon (D:10)
  A yaktaur (shapeshifter) (D:14)
  Prince Ribbit (D:8)
  3 hippogriffs
  Sigmund (D:6)
  A wyvern (D:6)
  12 yaks
  A steam dragon (D:9)
  4 vampire mosquitoes (D:14)
  Menkaure (D:5)
  A soldier ant (D:14)
  A water moccasin (D:14)
  Duvessa (D:5)
  3 orc warriors
  2 slaves (D:4)
  2 sky beasts
  An ice beast (D:5)
  A necrophage (D:7)
  3 phantoms
  2 ogres (D:7)
  7 centaurs
  2 big kobolds
  4 bullfrogs
  A wyvern zombie (D:14)
  A gnoll sergeant (D:10)
  A water moccasin zombie (D:6)
  Dowan (D:5)
  6 wights
  3 howler monkeys
  4 crimson imps
  A centaur zombie (Ossuary)
  4 jellies
  5 orc priests
  5 hounds
  Crazy Yiuf (D:6)
  A bullfrog skeleton (D:5)
  2 centaur skeletons
  4 iguanas
  Jessica (D:3)
  Natasha (thrice) (D:3)
  9 orc wizards
  13 worker ants
  2 big kobold zombies (Ossuary)
  5 mummies (Ossuary)
  A hound zombie (D:6)
  3 hound skeletons
  3 gnolls (D:10)
  17 adders
  3 shadow imps
  An ooze (D:2)
  An adder zombie (D:10)
  3 adder skeletons
  A worm (D:2)
  A dart slug (D:2)
  9 leopard geckos
  27 orcs
  A ball python (D:4)
  11 giant cockroaches
  12 goblins
  7 hobgoblins
  17 jackals
  18 kobolds
  4 quokkas
  14 bats
  5 frilled lizards
  5 hobgoblin zombies (Ossuary)
  A jackal zombie (D:8)
  3 leopard gecko skeletons
  2 quokka skeletons
  9 rats
323 creatures vanquished.

Vanquished Creatures (others)
  A centaur warrior (D:13)
  2 centaurs (D:14)
  A worm (D:3)
  An orc (D:5)
  A quokka (D:3)
6 creatures vanquished.

Grand Total: 329 creatures vanquished

Notes
Turn   | Place    | Note
-------+----------+-------------------------------------------
     0 | D:1      | relicbr the Deep Elf Earth Elementalist began the quest for
                  | the Orb.
     0 | D:1      | Reached XP level 1. HP: 10/10 MP: 6/6
   202 | D:1      | Reached XP level 2. HP: 15/15 MP: 8/8
   551 | D:1      | Reached XP level 3. HP: 19/19 MP: 9/9
   929 | D:2      | Reached skill level 5 in Earth Magic
  1338 | D:2      | Reached XP level 4. HP: 16/24 MP: 8/10
  1482 | D:2      | Noticed a hippogriff
  1488 | D:2      | Killed a hippogriff
  1488 | D:2      | Reached XP level 5. HP: 11/28 MP: 6/11
  1696 | D:2      | Reached XP level 6. HP: 27/32 MP: 8/12
  1723 | D:2      | Learned a level 3 spell: Stone Arrow
  2648 | D:3      | Found a white marble altar of Elyvilon.
  2724 | D:3      | Noticed Natasha
  2728 | D:3      | Killed Natasha
  2826 | D:3      | Noticed Natasha
  2829 | D:3      | Killed Natasha
  2841 | D:3      | Learned a level 5 spell: Lee's Rapid Deconstruction
  2847 | D:3      | Noticed Jessica
  2854 | D:3      | Killed Jessica
  3404 | D:3      | Noticed Natasha
  3408 | D:3      | Killed Natasha
  3441 | D:4      | Noticed a slave
  3451 | D:4      | Killed a slave
  3483 | D:4      | Noticed a slave
  3484 | D:4      | Noticed Pikel
  3484 | D:4      | Noticed a slave
  3484 | D:4      | Noticed a slave
  3497 | D:4      | Killed a slave
  3501 | D:4      | Killed Pikel
  3501 | D:4      | Reached skill level 10 in Earth Magic
  3501 | D:4      | Reached XP level 7. HP: 29/36 MP: 6/13
  3629 | D:4      | Found a transporter.
  3749 | D:4      | Found a transporter.
  3958 | D:4      | Reached skill level 1 in Conjurations
  3958 | D:4      | Reached XP level 8. HP: 40/41 MP: 12/16
  4075 | D:5      | Entered Level 5 of the Dungeon
  4155 | D:5      | Identified the Catalogue of Changing and Attacks
  4163 | D:5      | Learned a level 5 spell: Fireball
  4164 | D:5      | Reached skill level 5 in Spellcasting
  4273 | D:5      | Noticed Dowan
  4273 | D:5      | Noticed Duvessa
  4283 | D:5      | Killed Dowan
  4290 | D:5      | Killed Duvessa
  4702 | D:5      | Noticed Menkaure
  4706 | D:5      | Killed Menkaure
  5053 | D:6      | Reached skill level 5 in Conjurations
  5135 | D:6      | Reached XP level 9. HP: 45/45 MP: 19/23
  5227 | D:6      | Noticed Sigmund
  5229 | D:6      | Killed Sigmund
  5736 | D:6      | You fall into a shaft and drop 2 floors!
  5741 | D:8      | Found Dewkunao's Magic Scroll Emporium.
  5753 | D:8      | Noticed Maggie
  5769 | D:8      | Killed Maggie
  5796 | D:8      | Found a sand-covered staircase.
  5802 | Ossuary  | Entered an ossuary
  6094 | D:8      | Bought a scroll of magic mapping for 49 gold pieces
  6094 | D:8      | Bought a scroll of blinking for 105 gold pieces
  6094 | D:8      | Bought a scroll of blinking for 105 gold pieces
  6109 | D:8      | Found Teso's Antique Armour Boutique.
  6219 | D:8      | Found a shattered altar of Ashenzari.
  6267 | D:8      | Noticed Prince Ribbit
  6277 | D:8      | Killed Prince Ribbit
  6277 | D:8      | Reached skill level 10 in Conjurations
  6277 | D:8      | Noticed Joseph
  6853 | D:7      | Reached XP level 10. HP: 46/51 MP: 24/24
  6969 | D:7      | Reached skill level 1 in Fighting
  6971 | D:7      | Found an iron altar of Okawaru.
  7343 | D:6      | Found a runed translucent door.
  7344 | D:6      | Noticed Crazy Yiuf
  7349 | D:6      | Killed Crazy Yiuf
  7355 | D:6      | Got a crystal mace
  7356 | D:6      | Identified the +3 mace of Defilement {crush, rPois MR+
                  | Dex-2} (You found it on level 6 of the Dungeon)
  7479 | D:6      | Found a staircase to the Ecumenical Temple.
  7490 | Temple   | Entered the Ecumenical Temple
  7513 | Temple   | Became a worshipper of Vehumet
  7690 | D:8      | Noticed a manticore
  7696 | D:8      | Killed a manticore
  7696 | D:8      | Reached skill level 1 in Shields
  7744 | D:8      | Killed Joseph
  7799 | D:8      | Noticed Maurice
  7806 | D:8      | Noticed a two-headed ogre
  7809 | D:8      | Killed Maurice
  7813 | D:8      | Killed a two-headed ogre
  8085 | D:8      | Found an ornate altar of the Wu Jian Council.
  8413 | D:9      | Reached * piety under Vehumet
  8413 | D:9      | Offered knowledge of Magic Dart by Vehumet.
  8458 | D:9      | Reached skill level 5 in Fighting
  8571 | D:9      | Found a shadowy altar of Dithmenos.
  8598 | D:9      | Found a basalt altar of Yredelemnul.
  8600 | D:9      | Found a burning altar of Makhleb.
  9104 | D:10     | Entered Level 10 of the Dungeon
  9110 | D:10     | Reached XP level 11. HP: 64/64 MP: 25/25
  9402 | D:10     | Found a staircase to the Orcish Mines.
  9457 | D:10     | Reached ** piety under Vehumet
  9682 | D:10     | Offered knowledge of Freeze by Vehumet.
 10025 | D:11     | You fall into a shaft and drop 3 floors!
 10051 | D:14     | Got a crude flail
 10075 | D:14     | Identified the +2 flail of Change {drain, rPois Dex+4} (You
                  | found it on level 14 of the Dungeon)
 10120 | D:14     | Noticed a six-headed hydra
 10140 | D:14     | Noticed a centaur warrior
 10145 | D:14     | Killed a centaur warrior
 10150 | D:14     | Killed a six-headed hydra
 10168 | D:14     | Noticed a two-headed ogre
 10363 | D:14     | Noticed a wolf spider
 10363 | D:14     | an eye of devastation changed into a wolf spider
 10368 | D:14     | Killed a wolf spider
 10723 | D:14     | Found a gate to the Vaults.
 11041 | D:14     | Found an ornate altar of the Wu Jian Council.
 11041 | D:14     | Noticed a centaur warrior
 11044 | D:14     | Killed a centaur warrior
 11044 | D:14     | Reached skill level 10 in Fighting
 11057 | D:14     | Offered knowledge of Searing Ray by Vehumet.
 11321 | D:14     | Noticed a two-headed ogre
 11326 | D:14     | Killed a two-headed ogre
 11326 | D:14     | Reached XP level 12. HP: 79/79 MP: 26/26
 11487 | D:13     | Noticed a centaur warrior
 11490 | D:13     | Killed a centaur warrior
 11538 | D:13     | Noticed Urug
 11544 | D:13     | Hit by a javelin thrown by Urug

Levels and vault maps discovered:
D:1:      evilmike_arrival_plus, layout_rooms
D:2:      layout_basic, first_ration, minmay_tetromino_o2
D:3:      layout_basic, minmay_tree_intersection, elyvilon_altar_4,
          uniq_jessica, uniq_natasha
D:4:      gammafunk_steamed_eel, layout_cave_pools, uniq_pikel
D:5:      layout_basic, uniq_menkaure, uniq_duvessa
D:6:      layout_cave_pools, minmay_temple_entry_poolview, uniq_sigmund,
          uniq_crazy_yiuf_cottage
D:7:      layout_loops_cross, kennysheep_okawaru_gauntlet, minivault_11,
          grunt_ogre_cave, nicolae_benzene_ring
D:8:      layout_basic, marbit_many_paths, lemuel_doored_altar, enter_ossuary_2,
          serial_shops, shop_statue, nicolae_shop_trees, minmay_manual_moon,
          uniq_joseph, uniq_maurice, uniq_prince_ribbit1, uniq_maggie
D:9:      minmay_klotski, layout_basic, grunt_temple_overflow_open
D:10:     layout_loops_ring, david_orc_2
D:11:     layout_small_grid, minmay_lair_entry_grove, serial_shops, shop,
          uniq_erica
D:13:     layout_loops_corners, uniq_urug
D:14:     layout_roguey, david_vaults_2, basic_altar,
          wad_floor_pattern_untrapped
Temple:   regret_index_temple_sphere_string

Skill      XL: |  1  2  3  4  5  6  7  8  9 10 11 12 |
---------------+-------------------------------------+-----
Earth Magic    | 4 5 7 10 | 10.2
Spellcasting   | 4 8 |  8.0
Conjurations   | 1 5 10 | 10.5
Fighting       | 6 10 | 10.6
Shields        | 4 |  4.0
Dodging        | 4 |  4.6
Stealth        | |  2.4
Transmutations | |  1.1

Action                   |  1- 3 |  4- 6 |  7- 9 | 10-12 || total
-------------------------+-------+-------+-------+-------++-------
Melee: Dagger            |    20 |       |       |       ||    20
       Short sword       |    58 |   127 |       |       ||   185
       Whip              |       |       |   122 |     4 ||   126
       Mace              |       |       |       |    80 ||    80
       Flail             |       |       |       |    51 ||    51
Throw: Dart              |       |       |       |     3 ||     3
 Cast: Sandblast         |    40 |    55 |   111 |    99 ||   305
       Stone Arrow       |       |       |    19 |    73 ||    92
       Lee's Rapid Decon |       |       |     4 |    22 ||    26
  Use: Scroll            |       |     8 |    11 |     7 ||    26
       Potion            |       |       |       |     3 ||     3
 Stab: Sleeping          |     1 |     4 |     2 |     1 ||     8
  Eat: Chunk             |     1 |     7 |    11 |    17 ||    36
       Ration            |       |       |       |     1 ||     1
Armor: Robe              |     3 |       |       |    25 ||    28
       Leather armour    |    27 |    32 |    40 |    13 ||   112
Dodge: Dodged            |    79 |    90 |    68 |   106 ||   343
Block: Other             |       |    32 |     6 |       ||    38
       Buckler           |       |       |    72 |   156 ||   228
       Reflection        |       |       |     2 |    31 ||    33

Table legend:
 A = Non-vault XP
 B = Vault XP
 C = Vault XP percentage of total XP
 D = Non-vault monster count
 E = Vault monster count
 F = Vault count percentage of total count
                 A         B        C        D         E       F
            +---------+---------+-------+---------+---------+-------
      Total |   18356 |    5469 |  23.0 |     280 |      45 |  13.8
            +---------+---------+-------+---------+---------+-------
        D:1 |      51 |       0 |   0.0 |      29 |       0 |   0.0
        D:2 |     339 |      16 |   4.5 |      29 |       2 |   6.5
        D:3 |     240 |      72 |  23.1 |      36 |       2 |   5.3
        D:4 |     227 |     559 |  71.1 |      12 |       1 |   7.7
        D:5 |     755 |     383 |  33.7 |      22 |       3 |  12.0
        D:6 |     695 |     264 |  27.5 |      18 |       2 |  10.0
        D:7 |     815 |     120 |  12.8 |      18 |       3 |  14.3
        D:8 |    1775 |    2365 |  57.1 |      23 |       9 |  28.1
        D:9 |    1920 |       0 |   0.0 |      23 |       0 |   0.0
       D:10 |    2762 |     147 |   5.1 |      34 |       7 |  17.1
       D:13 |    1502 |       0 |   0.0 |       8 |       0 |   0.0
       D:14 |    7275 |    1348 |  15.6 |      28 |       3 |   9.7
    Ossuary |       0 |     195 | 100.0 |       0 |      13 | 100.0
            +---------+---------+-------+---------+---------+-------
